 Dungeon Crawl Stone Soup version 0.31-a0-1616-gbeaec30b81 (webtiles) character file.

Game seed: 5555028552418336154

114 Monkooky the Magician (level 4, 0/24 HPs)
             Began as a Deep Elf Alchemist on Jan 10, 2024.
             Was a High Priest of Ignis.
             Slain by a gnoll
             ... wielding a +0 spear
              (2 damage)
             ... on level 3 of the Dungeon.
             The game lasted 00:09:28 (2860 turns).

Monkooky the Magician (Deep Elf Alchemist)          Turns: 2860, Time: 00:09:28

Health: 0/24       AC:  3    Str:  5    XL:     4   Next: 66%
Magic:  1/12       EV:  6    Int: 22    God:    Ignis [*****.]
Gold:   71         SH:  0    Dex: 15    Spells: 2/12 levels left

rFire   + + .        p - +3 whip (venom)
rCold   . . .        (no shield)
rNeg    . . .        a - +0 robe
rPois   .            (no helmet)
rElec   .            (no cloak)
rCorr   .            (no gloves)
SInv    .            n - +0 pair of boots
Will    .....        (no amulet)
Stlth   ++           c - ring of protection from fire
HPRegen 0.24/turn    (no ring)
MPRegen 0.13/turn

%: no passive effects
@: very slightly contaminated, held
A: no striking features
a: Renounce Religion, Fiery Armour, Foxfire Swarm, Rising Flame


You were on level 3 of the Dungeon.
You worshipped Ignis.
Ignis was extremely pleased with you.
You visited 1 branch of the dungeon, and saw 3 of its levels.

You collected 71 gold pieces.

Inventory:

Hand Weapons
 p - a +3 whip of venom (weapon)
 u - a +0 long sword
Missiles
 f - 17 poisoned darts
 o - a throwing net
Armour
 a - a +0 robe (worn)
 n - a +0 pair of boots (worn)
Jewellery
 c - a ring of protection from fire (left hand)
Talismans
 i - a beast talisman
Scrolls
 g - a scroll of immolation {unknown}
 h - a scroll of identify {unknown}
 k - a scroll of fog {unknown}
 l - a scroll of poison {unknown}
 m - 2 scrolls of enchant armour {unknown}
 q - a scroll of brand weapon {unknown}
 r - a scroll of revelation {unknown}
Potions
 b - 2 potions of magic
 d - a potion of attraction {unknown}
 e - a potion of haste {unknown}
 j - 2 potions of enlightenment {unknown}
 s - a potion of curing {unknown}
 t - a potion of resistance {unknown}
 v - a potion of ambrosia {unknown}


   Skills:
 - Level 2.4 Dodging
 - Level 2.4 Stealth
 * Level 4.8 Spellcasting
 - Level 1.6 Conjurations
 - Level 1.0 Air Magic
 * Level 4.6 Alchemy


You had 2 spell levels left.
You knew the following spells:

 Your Spells              Type           Power      Damage    Failure   Level
a - Sting                 Conj/Alch      76%        1d7       2%          1
b - Mercury Vapours       Alch/Air       34%        N/A       4%          2
c - Mephitic Cloud        Conj/Alch/Air  16%        N/A       12%         3
d - Olgreb's Toxic Radia  Alch           25%        N/A       16%         4

Your spell library contained the following spells:

 Spells                   Type           Power      Damage    Failure   Level
 Sticky Flame             Fire/Alch      15%        2d5       36%         4


Dungeon Overview and Level Annotations

Branches:
Dungeon (3/15)

Altars:
Ignis


Message History

You miscast Mercury Vapours.
Nothing appears to happen.
You feel sick.
The gnoll hits you from afar with a +0 spear.
* * * LOW HITPOINT WARNING * * *
Unknown command.
Casting: Mercury Vapours (safe; 4% risk of failure)
Confirm with . or Enter, or press ? or * to list all spells.
Okay, then.
Okay, then.
Casting: Mercury Vapours (safe; 4% risk of failure)
Confirm with . or Enter, or press ? or * to list all spells.
Aiming: Mercury Vapours (safe; 4% risk of failure)
Press: ? - help, Dir - move target, f/p - gnoll
Aim: a gnoll, wielding a +0 spear (chance to weaken: 100%) Fumes of mercury billow around the gnoll!
The gnoll is poisoned.
The gnoll looks weaker.
You feel sick. The gnoll hits you but does no damage.
Unknown command.
Casting: Mercury Vapours (safe; 4% risk of failure)
Confirm with . or Enter, or press ? or * to list all spells.
Aiming: Mephitic Cloud (quite dangerous; 12% risk of failure)
Press: ? - help, Shift-Dir - straight line, f/p - gnoll
Aim: a gnoll, wielding a +0 spear (very poisoned, weak, chance to affect: 91%)
The ball explodes into a vile cloud!
The stinking cloud engulfs the gnoll. x2
You feel sick.
The gnoll is engulfed in noxious fumes.
The gnoll hits you from afar with a +0 spear.
* * * LOW HITPOINT WARNING * * *
The gnoll is engulfed in noxious fumes.
The gnoll appears confused.
The gnoll hits the gnoll with a +0 spear.
The gnoll hits itself with a +0 spear!
Unknown command.
Aiming: Sting (safe; 2% risk of failure)
Press: ? - help, Q - select action, (/) - cycle Shift-Dir - straight line, f/p - gnoll
Aim: a gnoll, wielding a +0 spear (noxious fumes, heavily wounded, very poisoned, weak, 77% to hit)
The sting hits the gnoll.
The gnoll looks even sicker.
The gnoll is heavily wounded.
You feel sick.
You are no longer poisoned.
The gnoll is engulfed in noxious fumes.
The gnoll hits you from afar with a +0 spear.
You die...

# #.. #. .# # #.. #.##^
### .. ... #.. #. ..#
#.# . #.###.###.# #.#
... #......... #.#
....§####....#########..
....gg○@................
.....####....#########..
... ##.#.# #.# . ###.#
#.# #.# #.# #.. #.# ##.
#.. .# ##. #.


You could see 2 gnolls.

Vanquished Creatures
  3 gnolls (D:2)
  2 adders (D:2)
  A ribbon worm (D:2)
  5 dart slugs
  An orc (D:3)
  8 endoplasms
  3 giant cockroaches
  6 goblins
  7 hobgoblins
  2 quokkas (D:2)
  4 bats
  2 frilled lizards
  3 kobolds
  A rat (D:3)
48 creatures vanquished.

Vanquished Creatures (others)
  20 foxfires (D:2)
20 creatures vanquished.

Grand Total: 68 creatures vanquished

Notes
Turn   | Place    | Note
-------+----------+-------------------------------------------
     0 | D:1      | Monkooky the Deep Elf Alchemist began the quest for the
                  | Orb.
     0 | D:1      | Reached XP level 1. HP: 10/10 MP: 6/6
   269 | D:1      | Reached XP level 2. HP: 15/15 MP: 4/8
   309 | D:1      | Learned a level 2 spell: Mercury Vapours
   489 | D:1      | Found a faded altar of an unknown god.
   496 | D:1      | Prayed at the altar of an unknown god.
   496 | D:1      | Became a worshipper of Ignis, the Dying Flame
  1215 | D:2      | Reached XP level 3. HP: 19/19 MP: 7/10
  1219 | D:2      | Learned a level 3 spell: Mephitic Cloud
  1683 | D:2      | Reached XP level 4. HP: 24/24 MP: 4/12
  2082 | D:2      | Reached skill level 1 in Air Magic
  2089 | D:2      | Learned a level 4 spell: Olgreb's Toxic Radiance
  2860 | D:3      | Slain by a gnoll

Illustrated notes

Levels and vault maps discovered:
D:1:      erik_arrival_blinker_ship, layout_basic,
          dilly_ecumenical_altar_fadedgnrine
D:2:      layout_loops_corners, chequers_serial_rivers_marsh,
          corexii_corridor_pit
D:3:      layout_loops_corners, lemuel_flame_loot_1

Skill      XL: |  1  2  3  4 |
---------------+-------------+-----
Spellcasting   | 4 |  4.8
Alchemy        | 4 |  4.6
Air Magic      | 1 |  1.0
Dodging        | |  2.4
Stealth        | |  2.4
Conjurations   | |  1.6

Action                     |  1- 3 |  4- 6 || total
---------------------------+-------+-------++-------
  Melee: Unarmed           |     2 |       ||     2
         Whip              |       |     4 ||     4
   Cast: Sting             |    65 |    42 ||   107
         Mercury Vapours   |     1 |     1 ||     2
         Mephitic Cloud    |     2 |     1 ||     3
 Invoke: Foxfire Swarm     |     1 |       ||     1
 Armour: Robe              |     3 |    10 ||    13
  Dodge: Dodged            |     6 |     6 ||    12

Table legend: (Time is in decaauts)
 A = Elapsed time spent in this place.
 B = Non-inter-level travel time spent in this place.
 C = Inter-level travel time spent in this place.
 D = Time resting spent in this place.
 E = Time spent auto-exploring this place.
 F = Levels seen in this place.
 G = Mean time per level.
                   A        B        C        D        E       F      G
               +--------+--------+--------+--------+--------+-----+--------+
         Total |   2858 |   2763 |     95 |    120 |   2266 |   3 |  952.7 |
       Dungeon |   2858 |   2763 |     95 |    120 |   2266 |   3 |  952.7 |
               +--------+--------+--------+--------+--------+-----+--------+

Top non-repeatable levels by time:
     D:2: 1450 daAuts
     D:1: 1191 daAuts
     D:3: 216 daAuts
